 Dungeon Crawl Stone Soup version 0.29.0-13-gc9e81de378 (webtiles) character file.

Game seed: 14979597986835939076

2602 Powertoast the Thaumaturge (level 9, -1/50 HPs)
             Began as a Deep Elf Conjurer on Sept 7, 2022.
             Was a Believer of Vehumet.
             Slain by Joseph
             ... wielding a +1 vorpal quarterstaff
              (6 damage)
             ... on level 7 of the Dungeon.
             The game lasted 00:32:55 (8518 turns).

Powertoast the Thaumaturge (Deep Elf Conjurer)      Turns: 8518, Time: 00:32:56

Health: -1/50      AC:  4    Str:  4    XL:     9   Next: 33%
Magic:  23/32      EV: 12    Int: 28    God:    Vehumet [**....]
Gold:   195        SH:  5    Dex: 13    Spells: 12/24 levels left

rFire   . . .      SeeInvis .   m - +0 rapier
rCold   . . .      Faith    .   (no shield)
rNeg    . . .      Spirit   .   D - +0 leather armour {rPois}
rPois   +          Reflect  +   (no helmet)
rElec   .          Harm     .   (no cloak)
rCorr   .          Rampage  .   k - +0 pair of gloves
Will    +....                   (no boots)
Stlth   +++.......              r - amulet of reflection
HPRegen 0.16/turn               g - ring of magical power
MPRegen 0.23/turn               A - ring of willpower

@: hasted, very quick
A: no striking features
a: Renounce Religion


You were on level 7 of the Dungeon.
You worshipped Vehumet.
Vehumet was pleased with you.
You visited 1 branch of the dungeon, and saw 7 of its levels.

You collected 429 gold pieces.
You spent 234 gold pieces at shops.

Inventory:

Hand Weapons
 m - a +0 rapier (weapon)
 C - a +8 halberd
Armour
 a - a +0 robe
 k - a +0 pair of gloves (worn)
 B - a scarf of invisibility
 D - a +0 leather armour of poison resistance (worn)
Jewellery
 c - a ring of protection from cold
 g - a ring of magical power (left hand)
 r - an amulet of reflection (around neck)
 t - a ring of ice
 A - a ring of willpower (right hand)
Wands
 y - a wand of iceblast (8)
Scrolls
 d - 2 scrolls of poison
 f - 3 scrolls of teleportation
 l - a scroll of immolation {unknown}
 n - 3 scrolls of fear
 o - 2 scrolls of vulnerability
 p - a scroll of noise {unknown}
 s - a scroll of amnesia {unknown}
 u - a scroll of blinking {unknown}
 v - a scroll of acquirement {unknown}
 w - 4 scrolls of enchant weapon
 x - 2 scrolls of silence
 F - a scroll of fog
 G - 3 scrolls of identify
Potions
 b - 4 potions of magic
 e - 6 potions of curing
 h - 2 potions of cancellation
 i - 2 potions of brilliance
 j - a potion of haste
 q - 2 potions of might
 z - a potion of attraction {unknown}
 E - a potion of berserk rage {unknown}


   Skills:
 - Level 3.0 Fighting
 - Level 5.0 Dodging
 - Level 5.0 Stealth
 - Level 8.0 Spellcasting
 + Level 7.2 Conjurations
 + Level 7.3 Hexes
 - Level 1.0 Fire Magic
 - Level 1.0 Ice Magic
 - Level 1.0 Air Magic
 - Level 1.0 Earth Magic
 - Level 1.0 Poison Magic
 - Level 5.0 Evocations


You had 12 spell levels left.
You knew the following spells:

 Your Spells              Type           Power      Damage    Failure   Level
a - Magic Dart            Conj           100%       1d8       1%          1
b - Searing Ray           Conj           100%       2d8       1%          2
c - Fulminant Prism       Conj/Hex       25%        3d14      4%          4
d - Dazzling Flash        Conj/Hex       100%       N/A       1%          3
e - Ensorcelled Hibernat  Hex/Ice        68%        N/A       2%          2

Your spell library contained the following spells:

 Spells                   Type           Power      Damage    Failure   Level
 Stone Arrow              Conj/Erth      68%        3d11      4%          3
 Foxfire                  Conj/Fire      100%       2x1d9     1%          1
 Conjure Flame            Conj/Fire      34%        6-21      4%          3
 Inner Flame              Hex/Fire       34%        N/A       4%          3
 Freeze                   Ice            64%        1d8       6%          1
 Passwall                 Tmut/Erth      11%        N/A       11%         2
 Flame Wave               Conj/Fire      34%        2d10      16%         4
 Hailstorm                Conj/Ice       34%        3d9       16%         4
 Frozen Ramparts          Ice            32%        1d5       17%         3
 Swiftness                Air            16%        N/A       17%         3
 Iskenderun's Mystic Bla  Conj/Tloc      31%        2d8       21%         4


Dungeon Overview and Level Annotations

Branches:
Dungeon (7/15)             Temple (0/1) D:6

Altars:
Ashenzari
Elyvilon
Hepliaklqana
Makhleb
Okawaru
Ru
Uskayaw
Vehumet

Shops:
D:4 [   D:7 *

Annotations:
D:7 Joseph


Message History

Aim: Joseph, wielding a +0 sling and wearing a +0 leather armour (wandering, hasn't noticed you, chance to affect: 45%)
Okay, then.
Casting: Ensorcelled Hibernation (safe; 2% risk of failure)
Confirm with . or Enter, or press ? or * to list all spells.
Aiming: Ensorcelled Hibernation (safe; 2% risk of failure)
Press: ? - help, Shift-Dir - straight line, f - Joseph
Aim: Joseph, wielding a +0 sling and wearing a +0 leather armour (wandering, hasn't noticed you, chance to affect: 45%) Joseph shouts!
Joseph looks drowsy...
You hear an angry hiss.
Casting: Ensorcelled Hibernation (safe; 2% risk of failure)
Confirm with . or Enter, or press ? or * to list all spells.
Aiming: Fulminant Prism (dangerous; 4% risk of failure)
Press: ? - help, Dir - move target, p - Joseph You conjure a prism of explosive energy!
A fulminant prism comes into view.
Joseph shouts!
Casting: Fulminant Prism (dangerous; 4% risk of failure)
Confirm with . or Enter, or press ? or * to list all spells.
Aiming: Searing Ray (safe; 1% risk of failure)
Press: ? - help, Shift-Dir - straight line The searing ray hits Joseph!
Joseph is lightly wounded. (Press . to maintain the ray.) Joseph unwields a +0 sling.
Joseph wields a +1 vorpal quarterstaff.
Joseph hits you with a +1 vorpal quarterstaff!!
Your fulminant prism crackles loudly.
The searing ray hits Joseph!
Joseph is moderately wounded.
Joseph completely misses you.
Your fulminant prism explodes!
The blast of energy engulfs Joseph!!
Joseph is severely wounded.
The searing ray hits Joseph!
Joseph is severely wounded.
Joseph hits you with a +1 vorpal quarterstaff!
* * * LOW HITPOINT WARNING * * *
x2 You feel yourself speed up.
Joseph hits you with a +1 vorpal quarterstaff.
You die...

.....###....∩...........
.....D...#####...#######
.....##........#....####
.... #.###########.....
D...###.# ######
......#.# ......# #.@.#
##@# #.## #..## ##..#
##.### # #...### #######
###<..####....<.
###......#####
##....######


You could see Joseph and a steam dragon.

Vanquished Creatures
  A sky beast (D:6)
  An ice beast (D:6)
  An orc warrior (D:5)
  2 black bears (D:4)
  2 ogres
  A centaur (D:7)
  A phantom (D:6)
  A kobold brigand (D:7)
  A necrophage (D:6)
  2 bullfrogs (D:6)
  3 scorpions
  4 wights (D:6)
  3 killer bees (D:7)
  A howler monkey (D:6)
  5 hounds
  4 orc priests
  3 jellies
  A gnoll bouda (D:6)
  6 iguanas
  4 orc wizards
  13 gnolls
  7 adders
  2 shadow imps
  2 white imps
  A worm (D:2)
  A dart slug (D:2)
  36 orcs
  8 bats
  9 endoplasms
  3 giant cockroaches
  10 goblins
  9 hobgoblins
  A jackal (D:4)
  6 quokkas
  5 ball pythons
  4 frilled lizards
  8 kobolds
  10 rats
182 creatures vanquished.

Vanquished Creatures (others)
  A butterfly (D:5)
  11 fulminant prisms
  8 fungi (D:5)
20 creatures vanquished.

Grand Total: 202 creatures vanquished

Notes
Turn   | Place    | Note
-------+----------+-------------------------------------------
     0 | D:1      | Powertoast the Deep Elf Conjurer began the quest for the
                  | Orb.
     0 | D:1      | Reached XP level 1. HP: 10/10 MP: 6/6
   233 | D:1      | Reached XP level 2. HP: 15/15 MP: 5/8
  1265 | D:2      | Reached XP level 3. HP: 19/19 MP: 10/10
  1276 | D:2      | Learned a level 2 spell: Searing Ray
  1828 | D:2      | Found a faded altar of an unknown god.
  2254 | D:3      | Reached skill level 4 in Spellcasting
  2254 | D:3      | Reached skill level 5 in Conjurations
  2254 | D:3      | Reached XP level 4. HP: 24/24 MP: 12/12
  2256 | D:3      | Reached skill level 1 in Hexes
  3023 | D:3      | Found a radiant altar of Vehumet.
  3042 | D:3      | Reached XP level 5. HP: 28/28 MP: 13/13
  3104 | D:4      | Noticed a black bear
  3220 | D:4      | Killed a black bear
  3221 | D:4      | Reached skill level 1 in Fighting
  3235 | D:4      | Reached skill level 5 in Spellcasting
  3240 | D:4      | Reached XP level 6. HP: 21/34 MP: 13/15
  3547 | D:3      | Found a burning altar of Makhleb.
  3547 | D:3      | Found a hide-covered altar of Uskayaw.
  3829 | D:4      | Found a sacrificial altar of Ru.
  4178 | D:4      | Reached XP level 7. HP: 40/40 MP: 16/16
  4190 | D:3      | Became a worshipper of Vehumet
  4204 | D:4      | Reached skill level 5 in Hexes
  4422 | D:4      | Found a hazy altar of Hepliaklqana.
  4538 | D:4      | Found Xoaschuq's Armour Emporium.
  4543 | D:4      | Bought a scarf of invisibility for 168 gold pieces
  4694 | D:5      | Entered Level 5 of the Dungeon
  4790 | D:5      | Found a white marble altar of Elyvilon.
  5038 | D:5      | Reached * piety under Vehumet
  5038 | D:5      | Offered knowledge of Shock by Vehumet.
  5044 | D:5      | Learned a level 4 spell: Fulminant Prism
  5048 | D:5      | Learned a level 3 spell: Dazzling Flash
  5240 | D:5      | Reached skill level 1 in Evocations
  5241 | D:5      | Reached skill level 6 in Spellcasting
  5353 | D:5      | Reached XP level 8. HP: 34/46 MP: 19/19
  5513 | D:5      | Reached skill level 5 in Dodging
  5913 | D:5      | Reached skill level 5 in Stealth
  5964 | D:6      | Offered knowledge of Static Discharge by Vehumet.
  6154 | D:6      | Reached skill level 7 in Spellcasting
  6157 | D:6      | Reached ** piety under Vehumet
  6876 | D:6      | Found a staircase to the Ecumenical Temple.
  6917 | D:6      | Reached skill level 1 in Fire Magic
  6917 | D:6      | Reached skill level 1 in Ice Magic
  6917 | D:6      | Reached skill level 1 in Air Magic
  6917 | D:6      | Reached skill level 1 in Earth Magic
  6917 | D:6      | Reached skill level 1 in Poison Magic
  7048 | D:6      | Found a broken altar of Ashenzari.
  7264 | D:6      | Reached XP level 9. HP: 50/50 MP: 21/21
  7562 | D:6      | Reached skill level 5 in Evocations
  7921 | D:7      | Found Riareokh's General Store.
  7930 | D:7      | Bought a scroll of fog for 44 gold pieces
  7930 | D:7      | Bought a scroll of identify for 22 gold pieces
  7935 | D:7      | Noticed Joseph
  8317 | D:7      | Learned a level 2 spell: Ensorcelled Hibernation
  8318 | D:7      | Offered knowledge of Stone Arrow by Vehumet.
  8327 | D:7      | Reached skill level 8 in Spellcasting
  8392 | D:7      | Found an iron altar of Okawaru.
  8518 | D:7      | Slain by Joseph

Illustrated notes

Levels and vault maps discovered:
D:1:      saegor_arrival_simple_d, layout_loops_ring, patterned_corridor
D:2:      layout_basic, dreamdust_ecumenical_altar_statues,
          minmay_misc_feat_tower, minmay_misc_feat_ornament, minmay_circle_x
D:3:      layout_basic, nicolae_overflow_hidden_temple,
          gammafunk_temple_overflow_elements
D:4:      layout_basic, nzn_hepliaklqana_mist_gate, nicolae_ru_path_of_blood,
          serial_shops, kennysheep_little_box, nicolae_kite_square_tiling_tiny,
          minmay_bent
D:5:      layout_basic, nicolae_elyvilon_peaceful_grove, dreamdust_wishing_well,
          dreamdust_gnoll_farm
D:6:      layout_loops_ring, lemuel_tele_altar, temple_hall_moat,
          kennysheep_opposing_triangles
D:7:      layout_rooms, kennysheep_okawaru_gauntlet, serial_shops, shop,
          uniq_joseph

Skill      XL: |  1  2  3  4  5  6  7  8  9 |
---------------+----------------------------+-----
Stealth        | 3 5 |  5.0
Dodging        | 3 4 5 |  5.0
Spellcasting   | 4 5 6 7 8 |  8.0
Conjurations   | 5 6 7 |  7.2
Hexes          | 1 2 4 6 7 |  7.3
Fighting       | 1 2 3 |  3.0
Evocations     | 1 3 5 |  5.0
Fire Magic     | 1 |  1.0
Ice Magic      | 1 |  1.0
Air Magic      | 1 |  1.0
Earth Magic    | 1 |  1.0
Poison Magic   | 1 |  1.0

Action                   |  1- 3 |  4- 6 |  7- 9 || total
-------------------------+-------+-------+-------++-------
Melee: Rapier            |       |     1 |     1 ||     2
 Cast: Magic Dart        |    87 |    58 |    75 ||   220
       Searing Ray       |       |    21 |    65 ||    86
       Fulminant Prism   |       |       |    11 ||    11
       Ensorcelled Hiber |       |       |     1 ||     1
  Use: Scroll            |     5 |       |     9 ||    14
       Potion            |       |       |     4 ||     4
Armor: Robe              |       |     2 |     2 ||     4
       Leather armour    |       |       |     7 ||     7
Dodge: Dodged            |     1 |    11 |    39 ||    51
Block: Other             |       |       |     3 ||     3
       Reflection        |       |       |     1 ||     1
